 Dungeon Sprint DCSS version 0.18-a0-1180-g64ccc1e (webtiles) character file.

3703 namelastname112 the Bludgeoner (level 9, -1/91 HPs)
             Began as a Pale Draconian Gladiator on Jan 27, 2016.
             Was an Elder of Trog.
             Slain by a catoblepas (3 damage)
             ... in the Dungeon (Sprint IX: "|||||||||||||||||||||||||||||").
             The game lasted 00:04:16 (1204 turns).

namelastname112 the Bludgeoner (DrGl)               Turns: 1204, Time: 00:04:16

Health: -1/91      AC: 17    Str: 19    XL:     9   Next: 91%
Magic:  9/9        EV:  2    Int:  8    God:    Trog [****..]
Gold:   7          SH:  0    Dex: 14    Spells: 0 memorised, 8 levels left

rFire  . . .     SeeInvis .     p - +2 dire flail (protect)
rCold  . . .     Gourm    .     (armour unavailable)
rNeg   + + +     Faith    .     (shield currently unavailable)
rPois  ∞         Spirit   .     b - +0 hat
rElec  .         Dismiss  .     o - +0 cloak
rCorr  .         Reflect  .     (no gloves)
SustAt .         Harm     .     (no boots)
MR     .....     NoTele   +     (no amulet)
Stlth  +.........               m - +2 ring of protection
                                n - +2 ring of protection

@: exhausted, petrified, slowed, not resistant to hostile enchantments, very
unstealthy
A: breathe steam, unfitting armour, cold-blooded, AC +7
a: Breathe Steam, Berserk, Trog's Hand, Brothers in Arms, Burn Spellbooks,
Renounce Religion


You were in the Dungeon.
You worshipped Trog.
Trog was greatly pleased with you.
You were near starving.

You visited 1 branch You collected 7 gold pieces.

Inventory:

Hand Weapons
 a - a +0 flail
 p - a +2 dire flail of protection (weapon)
Missiles
 c - 3 throwing nets (quivered)
Armour
 b - a +0 hat (worn)
 o - a +0 cloak (worn)
Jewellery
 m - a +2 ring of protection (right hand)
 n - a +2 ring of protection (left hand)
 s - an uncursed ring of positive energy
Wands
 l - a wand of draining (7/15)
Scrolls
 j - 5 scrolls of blinking
 k - 3 scrolls of remove curse
 t - a scroll of recharging
 u - 2 scrolls of enchant armour
Potions
 e - 5 potions of curing
 f - a potion of invisibility
 g - a potion of haste
 h - 4 potions of magic
 i - 6 potions of heal wounds
 q - a potion of brilliance
 r - a potion of might
Comestibles
 d - a bread ration


   Skills:
 + Level 12.5 Fighting
 * Level 15.8 Maces & Flails
 - Level 1.7 Throwing
 + Level 11.0 Dodging


You had 8 spell levels left.
You didn't know any spells.

Dungeon Overview and Level Annotations

Branches:
Dungeon (1/1)

Altars:
Cheibriados
Dithmenos
Elyvilon
Fedhas
Gozag
Kikubaaqudgha
Makhleb
Nemelex Xobeh
Okawaru
Pakellas
Qazlal
Ru
Sif Muna
Trog
Vehumet
Xom
Yredelemnul
Zin
The Shining One
Beogh
Jiyva
Lugonu


Innate Abilities, Weirdness & Mutations

You can breathe blasts of scalding, opaque steam.
Your pale cyan-grey scales are hard (AC +7).
Your body does not fit into most forms of armour.
You are cold-blooded and may be slowed by cold attacks.


Message History

The catoblepas gores you!
The catoblepas gores you but does no damage.
You have turned to stone.
The catoblepas breathes a plume of calcifying dust at you.
The blast of calcifying dust hits you!
You are engulfed in calcifying dust.
The catoblepas gores you!
You are engulfed in calcifying dust.
The catoblepas gores you!
You are engulfed in calcifying dust.
The catoblepas breathes a plume of calcifying dust at you.
The blast of calcifying dust hits you!
* * * LOW HITPOINT WARNING * * *
You are engulfed in calcifying dust.
The catoblepas gores you!!
* * * LOW HITPOINT WARNING * * *
You are engulfed in calcifying dust.
The catoblepas breathes a plume of calcifying dust at you.
The blast of calcifying dust hits you! The catoblepas gores you!!
* * * LOW HITPOINT WARNING * * *
The catoblepas gores you!
You die...

▓▓▓▓▓▓▓▓▓▓▓▓▓▓▓▓▓▓▓▓▓▓▓▓▓▓▓▓▓▓▓▓▓
...')....'______________________'
▓▓▓▓▓▓▓▓▓▓▓▓▓▓▓▓▓▓▓▓▓▓▓▓▓▓▓▓▓▓▓▓▓
.................................
▓▓▓▓▓▓▓▓▓▓▓▓▓▓▓▓▓▓▓▓▓▓▓▓▓▓▓▓▓▓▓▓▓
'.....)....§.÷'.@YD.†...'YD.Frh.
▓▓▓▓▓▓▓▓▓▓▓▓▓▓▓▓▓▓▓▓▓▓▓▓▓▓▓▓▓▓▓▓


You could see a catoblepas and a six-headed hydra.

Vanquished Creatures
  A hydra (D)
  An unseen horror (D)
  An ugly thing (D)
  A komodo dragon (D)
  A basilisk (D)
  A wraith (D)
  A hippogriff (D)
  A wolf (D)
  2 water moccasins (D)
  3 porcupines (D)
  An ice beast (D)
  2 crocodiles (D)
  2 ogres (D)
  A centaur (D)
  A big kobold (D)
  A giant frog (D)
  A scorpion (D)
  2 crimson imps (D)
  A jelly (D)
  An iguana (D)
  An adder (D)
  2 river rats (D)
  An adder zombie (D)
  A giant cockroach (D)
  A goblin (D)
  A kobold (D)
  A ball python (D)
  A bat (D)
  A giant cockroach zombie (D)
  A rat (D)
37 creatures vanquished.

Notes
Turn   | Place    | Note
--------------------------------------------------------------
     0 | D        | namelastname112 the Draconian Gladiator began the quest for the Orb.
     0 | D        | Reached XP level 1. HP: 17/17 MP: 1/1
    64 | D        | Noticed a scorpion
    64 | D        | Noticed a crimson imp
    64 | D        | Noticed an ogre
    67 | D        | Reached skill level 4 in Maces & Flails
    74 | D        | Killed a scorpion
    74 | D        | Reached skill level 6 in Maces & Flails
    74 | D        | Reached XP level 2. HP: 20/28 MP: 2/2
    74 | D        | Reached XP level 3. HP: 24/34 MP: 3/3
    77 | D        | Killed an ogre
    77 | D        | Reached skill level 5 in Fighting
    77 | D        | Reached skill level 7 in Maces & Flails
    77 | D        | Reached skill level 5 in Dodging
    77 | D        | Reached XP level 4. HP: 27/44 MP: 4/4
    77 | D        | Reached XP level 5. HP: 30/50 MP: 5/5
   112 | D        | Reached skill level 8 in Maces & Flails
   274 | D        | Found a glowing silver altar of Zin.
   274 | D        | Found a glowing golden altar of the Shining One.
   274 | D        | Found an ancient bone altar of Kikubaaqudgha.
   274 | D        | Found a basalt altar of Yredelemnul.
   274 | D        | Found a shimmering altar of Xom.
   274 | D        | Found a radiant altar of Vehumet.
   339 | D        | Found an iron altar of Okawaru.
   340 | D        | Found a burning altar of Makhleb.
   341 | D        | Found a deep blue altar of Sif Muna.
   342 | D        | Found a bloodstained altar of Trog.
   343 | D        | Found a sparkling altar of Nemelex Xobeh.
   344 | D        | Found a white marble altar of Elyvilon.
   345 | D        | Found a roughly hewn altar of Beogh.
   346 | D        | Found a viscous altar of Jiyva.
   347 | D        | Found a corrupted altar of Lugonu.
   348 | D        | Found a blossoming altar of Fedhas.
   349 | D        | Found a snail-covered altar of Cheibriados.
   350 | D        | Found a shadowy altar of Dithmenos.
   352 | D        | Became a worshipper of Trog the Wrathful
   354 | D        | Found a stormy altar of Qazlal.
   355 | D        | Found an opulent altar of Gozag.
   356 | D        | Found a sacrificial altar of Ru.
   357 | D        | Found an oddly glowing altar of Pakellas.
   407 | D        | Noticed an ice beast
   414 | D        | Reached skill level 9 in Maces & Flails
   419 | D        | Killed an ice beast
   419 | D        | Reached skill level 10 in Maces & Flails
   419 | D        | Reached XP level 6. HP: 58/60 MP: 6/6
   425 | D        | Killed an unseen horror
   425 | D        | Reached * piety under Trog
   425 | D        | Reached skill level 12 in Maces & Flails
   425 | D        | Reached XP level 7. HP: 42/70 MP: 7/7
   425 | D        | Your scales start taking on a pale cyan-grey colour.
   557 | D        | Noticed a brown ugly thing
   557 | D        | Noticed a wraith
   564 | D        | Killed a brown ugly thing
   564 | D        | Reached ** piety under Trog
   564 | D        | Reached skill level 10 in Fighting
   564 | D        | Reached skill level 13 in Maces & Flails
   564 | D        | Reached XP level 8. HP: 79/79 MP: 8/8
   575 | D        | Reached *** piety under Trog
   780 | D        | Noticed a komodo dragon
   789 | D        | Killed a komodo dragon
   789 | D        | Reached skill level 14 in Maces & Flails
   789 | D        | Reached XP level 9. HP: 86/89 MP: 9/9
   793 | D        | Reached **** piety under Trog
   793 | D        | Reached skill level 10 in Dodging
   806 | D        | Reached ***** piety under Trog
   984 | D        | Noticed a six-headed hydra
   984 | D        | Noticed a catoblepas
   988 | D        | Noticed a six-headed hydra
   989 | D        | Reached skill level 15 in Maces & Flails
  1169 | D        | Killed a six-headed hydra
  1169 | D        | Received a gift from Trog
  1203 | D        | HP: 1/91 [catoblepas (16)]
  1204 | D        | Slain by a catoblepas

Vault maps used:
D:        linesprint

Action                   |  1- 3 |  4- 6 |  7- 9 || total
-------------------------+-------+-------+-------++-------
Melee: Flail             |    20 |    24 |       ||    44
       Dire flail        |       |    17 |    50 ||    67
Invok: Berserk           |       |       |     4 ||     4
       Brothers in Arms  |       |       |     3 ||     3
 Abil: Breathe Steam     |       |       |     5 ||     5
  Use: Potion            |     2 |       |     2 ||     4
       Scroll            |       |       |     1 ||     1
  Eat: Chunk             |       |       |     5 ||     5
